 Dungeon Crawl Stone Soup version 0.20-a0-548-g4f8a798 (webtiles) character file.

1727 krabocopter the Spear-Bearer (level 9, 8/69 HPs)
             Began as a Merfolk Monk on Feb 1, 2017.
             Was a Follower of Uskayaw.
             Quit the game on level 11 of the Dungeon.
             The game lasted 00:37:14 (7430 turns).

krabocopter the Spear-Bearer (Merfolk Monk)         Turns: 7430, Time: 00:37:15

Health: 8/69       AC:  6    Str: 12    XL:     9   Next: 5%
Magic:  19/25      EV:  9    Int: 12    God:    Uskayaw [*.....]
Gold:   319        SH:  7    Dex: 16    Spells: 17/18 levels left

rFire    . . .     SeeInvis .   a - +0 spear
rCold    + . .     Gourm    .   b - +0 robe
rNeg     . . .     Faith    .   w - +0 shield
rPois    .         Spirit   +   (helmet restricted)
rElec    .         Reflect  .   z - +0 cloak
rCorr    .         Harm     .   (no gloves)
MR       .....     Clarity  +   B - +2 pair of boots
Stlth    ++........             r - amulet of guardian spirit
Regen    0.3/turn               D - ring of magical power
                                k - ring of stealth

@: mildly poisoned (8 -> 6), very slightly contaminated, very heavily drained
A: change form in water, swift swim, stealthy swim, horns 1, clarity, cold
resistance 1
a: Stomp, Renounce Religion


You were on level 11 of the Dungeon.
You worshipped Uskayaw.
Uskayaw was noncommittal.
You were hungry.

You visited 2 branches of the dungeon, and saw 11 of its levels.

You collected 319 gold pieces.

Inventory:

Hand Weapons
 a - a +0 spear (weapon)
 l - a +2 dagger of flaming
 o - a +2 war axe of freezing
 y - a +1 hand axe of venom
Armour
 b - a +0 robe (worn)
 w - a +0 shield (worn)
 z - a +0 cloak (worn)
 B - a +2 pair of boots (worn)
Magical Staves
 v - an uncursed staff of poison
Jewellery
 k - a ring of stealth (left hand)
 r - an amulet of guardian spirit (around neck)
 u - an uncursed ring of protection from cold
 D - a ring of magical power (right hand)
Wands
 q - a wand of lightning (5/15)
Scrolls
 d - a scroll of noise {unknown}
 e - 2 scrolls of teleportation
 f - 2 scrolls of amnesia
 g - 5 scrolls of remove curse
 j - 3 scrolls of identify
 p - a scroll of fog
 A - a scroll of recharging {unknown}
Potions
 s - 2 potions of haste
Books
 C - a book of Minor Magic

   Spells                             Type                      Level
   a - Magic Dart                     Conjuration                  1
   b - Blink                          Translocation                2
   c - Call Imp                       Summoning                    2
   d - Repel Missiles                 Charms/Air                   2
   e - Slow                           Hexes                        2
   f - Conjure Flame                  Conjuration/Fire             3
   g - Mephitic Cloud                 Conjuration/Poison/Air       3
Comestibles
 c - 4 bread rations
 h - 3 royal jellies
 m - a meat ration
 n - 4 fruits


   Skills:
 + Level 6.1(2.8) Fighting
 - Level 9.7(6.0) Polearms
 - Level 1.5(0.0) Armour
 - Level 5.1(1.9) Dodging
 - Level 2.1(0.0) Stealth
 - Level 2.2(0.0) Shields
 - Level 5.0(1.8) Spellcasting
 + Level 3.0(0.0) Conjurations


You had 17 spell levels left.
You knew the following spells:

 Your Spells              Type           Power        Failure   Level  Hunger
a - Magic Dart            Conj           #...         99%         1    ##.....


Dungeon Overview and Level Annotations

Branches:
Dungeon (9/15)             Temple (1/1) D:6
   Lair: D:8-11         Orc: D:9-12

Altars:
Ashenzari
Fedhas
Hepliaklqana
Kikubaaqudgha
Makhleb
Nemelex Xobeh
Qazlal
Ru
Trog
Uskayaw
Vehumet
Yredelemnul
Zin
The Shining One

Shops:
D:7 *

Annotations:
D:2 Sigmund
D:3 Natasha


Innate Abilities, Weirdness & Mutations

You revert to your normal form in water.
You are very nimble and swift while swimming.
You are very stealthy in the water. (Stealth+)
You have a pair of small horns on your head.
You possess an exceptional clarity of mind.
Your flesh is cold resistant. (rC+)


Message History

You closely miss the adder.
You feel sick. The adder bites you but does no damage.
You closely miss the adder. You block the adder's attack.
As you read the scroll labeled FAMAIDGH EKERA, it crumbles to dust.
It is a scroll of enchant armour.
Your +1 pair of boots glows green for a moment.
You feel sick. You block the adder's attack.
Blink to where?
Press: ? - help, Dir - move target cursor You are very lightly contaminated with residual magic.
As you read the scroll of blinking, it crumbles to dust.
You found a shaft!
You feel sick.
You feel sick.
There is a shaft here.
You fall through a shaft for 2 floors!
The shaft crumbles and collapses. 2 orcs, an orc warrior and a centaur come into view.
Found a meat ration.
Are you sure you want to abandon this character and quit the game? (Confirm with "yes".)

##
...######
........#
..#.#.#.#
.......@#
..#.#o#.#
.......o#
..#.#.#.#
.....o..#
........#
.....c...
.........


You could see an orc warrior (sleeping), a centaur (sleeping) and 2 orcs.

Vanquished Creatures
  An ice beast (D:8)
  3 phantoms
  A big kobold (D:8)
  2 bullfrogs
  A wyvern zombie (D:7)
  2 scorpions
  5 wights (D:7)
  A howler monkey (D:6)
  2 crimson imps
  2 centaur zombies
  A jelly (D:6)
  An orc priest (D:6)
  A hound (D:5)
  Jessica (D:3)
  3 orc wizards
  Natasha (D:3)
  6 worker ants
  A hound zombie (D:8)
  2 hound skeletons
  8 adders
  4 gnolls (D:5)
  A shadow imp (D:5)
  An ooze (D:6)
  An adder zombie (D:5)
  3 worms
  A leopard gecko (D:3)
  22 orcs
  A ball python (D:6)
  3 bats
  3 giant cockroaches
  4 goblins
  5 hobgoblins
  11 jackals
  4 quokkas
  2 frilled lizards
  10 kobolds
  A quokka zombie (D:7)
  9 rats
131 creatures vanquished.

Notes
Turn   | Place    | Note
-------+----------+-------------------------------------------
     0 | D:1      | krabocopter the Merfolk Monk began the quest for the Orb.
     0 | D:1      | Reached XP level 1. HP: 18/18 MP: 1/1
   136 | D:1      | Reached skill level 5 in Polearms
   142 | D:1      | Reached XP level 2. HP: 12/24 MP: 2/2
   654 | D:2      | Reached XP level 3. HP: 21/29 MP: 3/3
   752 | D:2      | Reached skill level 6 in Polearms
   959 | D:2      | Noticed Sigmund
   994 | D:2      | Reached XP level 4. HP: 35/35 MP: 4/4
  1009 | D:2      | Reached skill level 7 in Polearms
  1397 | D:3      | Noticed Jessica
  1469 | D:3      | Killed Jessica
  1583 | D:3      | Reached XP level 5. HP: 36/42 MP: 5/5
  1610 | D:3      | Noticed Natasha
  1626 | D:3      | Killed Natasha
  1626 | D:3      | Reached skill level 5 in Dodging
  2000 | D:3      | Noticed Natasha
  2228 | D:5      | Entered Level 5 of the Dungeon
  2348 | D:5      | Noticed a phantom
  2357 | D:5      | Reached skill level 1 in Shields
  2437 | D:6      | Noticed a sky beast
  2698 | D:5      | Killed a phantom
  2698 | D:5      | Reached skill level 1 in Armour
  2698 | D:5      | Reached XP level 6. HP: 34/48 MP: 6/6
  2701 | D:5      | Learned a level 1 spell: Magic Dart
  3126 | D:5      | Reached skill level 8 in Polearms
  3302 | D:5      | Noticed a sky beast
  3465 | D:5      | Noticed a phantom
  3588 | D:5      | HP: 1/48 [phantom (9)]
  3601 | D:5      | Killed a phantom
  3601 | D:5      | Reached XP level 7. HP: 14/54 MP: 7/7
  3704 | D:5      | Reached skill level 9 in Polearms
  4063 | D:7      | Found Woderch's General Store.
  4447 | D:6      | Reached skill level 1 in Spellcasting
  4751 | D:6      | Reached XP level 8. HP: 17/60 MP: 13/13
  4755 | D:6      | Gained mutation: Your flesh is cold resistant. (rC+) [potion of mutation]
  4755 | D:6      | Gained mutation: You possess an exceptional clarity of mind. [potion of mutation]
  4755 | D:6      | Gained mutation: You have a pair of small horns on your head. [potion of mutation]
  5008 | D:6      | Found a staircase to the Ecumenical Temple.
  5024 | Temple   | Entered the Ecumenical Temple
  5116 | Temple   | Became a worshipper of Uskayaw the Reveler
  5116 | Temple   | Reached * piety under Uskayaw
  5151 | D:6      | Reached ** piety under Uskayaw
  5513 | D:7      | Reached *** piety under Uskayaw
  5519 | D:7      | Reached **** piety under Uskayaw
  5747 | D:7      | Reached skill level 5 in Spellcasting
  5894 | D:7      | Reached skill level 1 in Conjurations
  6123 | D:7      | Reached skill level 5 in Fighting
  6902 | D:8      | Reached XP level 9. HP: 48/69 MP: 16/16
  7403 | D:9      | Noticed a two-headed ogre
  7404 | D:9      | Noticed a tengu warrior
  7407 | D:9      | Found a shattered altar of Ashenzari.
  7429 | D:9      | You fall through a shaft for 2 floors!
  7430 | D:11     | Quit the game

Vault maps used:
D:1:      lemuel_arrival_funnel, minmay_misc_feat_room
D:2:      uniq_sigmund
D:3:      uniq_natasha, uniq_jessica
D:4:      okawaru_trees_2, serial_shops, nicolae_shop_waterfront,
          grunt_ministairs_9, uniq_blork_the_orc
D:5:      first_bread
D:6:      minmay_temple_entry_butterflies
D:7:      serial_shops, shop, kennysheep_generic_room_15
D:8:      hangedman_ranch, minmay_crystal_room
D:9:      wad_woods_tower, lemuel_round_altar, minmay_overflow_temple_hex,
          cheibrodos_ashenzari_chains
D:11:     grunt_lair_entry_orc_guard_hut, serial_glass, glass_columns_a,
          glass_columns_c, glass_columns_c, glass_columns_b, glass_columns_b,
          glass_columns_a, glass_columns_b, glass_columns_b, glass_columns_a,
          glass_columns_b, serial_shops, shop
Temple:   nicolae_temple_god_jail

Skill      XL: |  1  2  3  4  5  6  7  8  9 |
---------------+----------------------------+-----
Polearms       | 5 6 7 8 9 |  9.7
Fighting       | 4 5 6 |  6.1
Dodging        | 5 |  5.1
Shields        | 2 |  2.2
Armour         | 1 |  1.5
Spellcasting   | 3 5 |  5.0
Conjurations   | 2 3 |  3.0
Stealth        | |  2.1

Action                   |  1- 3 |  4- 6 |  7- 9 || total
-------------------------+-------+-------+-------++-------
Melee: Spear             |   108 |   440 |   579 ||  1127
       Headbutt          |       |       |    57 ||    57
Invok: Stomp             |       |       |     1 ||     1
       Line Pass         |       |       |     1 ||     1
  Use: Potion            |       |     5 |     5 ||    10
       Scroll            |       |     5 |     7 ||    12
 Stab: Sleeping          |     6 |     3 |     2 ||    11
       Distracted        |       |     1 |     3 ||     4
       Paralysed         |       |       |     3 ||     3
  Eat: Chunk             |       |     4 |    10 ||    14
       Meat ration       |       |     1 |       ||     1
       Fruit             |       |       |     3 ||     3
Armor: Robe              |    12 |    17 |    67 ||    96
       Leather armour    |       |    17 |       ||    17
Dodge: Dodged            |    37 |   151 |   145 ||   333
Block: Shield            |       |    70 |   133 ||   203
